 Dungeon Crawl Stone Soup version 0.29.1-15-g9cfb28693d (webtiles) character file.

Game seed: 3144711143904657458

22 HORACE the Firebug (level 2, -1/20 HPs)
             Began as a Draconian Fire Elementalist on Apr 28, 2023.
             Slain by an orc
             ... wielding a +0 whip
              (2 damage)
             ... on level 3 of the Dungeon.
             The game lasted 00:01:43 (545 turns).

HORACE the Firebug (Draconian Fire Elementalist)     Turns: 545, Time: 00:01:44

Health: -1/20      AC:  4    Str: 10    XL:     2   Next: 68%
Magic:  0/5        EV: 12    Int: 15    God:
Gold:   0          SH:  0    Dex: 11    Spells: 2/5 levels left

rFire   . . .      SeeInvis .   (no weapon)
rCold   . . .      Faith    .   (no shield)
rNeg    . . .      Spirit   .   (body armour unavailable)
rPois   .          Reflect  .   (helmet restricted)
rElec   .          Harm     .   (no cloak)
rCorr   .          Rampage  .   (no gloves)
Will    .....                   (no boots)
Stlth   ++........              (no amulet)
HPRegen 0.06/turn               (no ring)
MPRegen 0.09/turn               (no ring)

@: weak-willed
A: AC +4, unfitting armour, cold-blooded
a: no special abilities


You were on level 3 of the Dungeon.
You visited 1 branch of the dungeon, and saw 3 of its levels.

Inventory:

Scrolls
 b - a scroll of teleportation {unknown}
 d - 3 scrolls of vulnerability
Potions
 c - 2 potions of attraction {unknown}


   Skills:
 * Level 1.8 Dodging
 * Level 2.3 Stealth
 * Level 2.0 Spellcasting
 * Level 1.2 Conjurations
 * Level 3.4 Fire Magic


You had 2 spell levels left.
You knew the following spells:

 Your Spells              Type           Power      Damage    Failure   Level
a - Foxfire               Conj/Fire      32%        2x1d5     9%          1
b - Scorch                Fire           24%        2d6       8%          2

Your spell library contained the following spells:

 Spells                   Type           Power      Damage    Failure   Level
 Conjure Flame            Conj/Fire      8%         6-21      26%         3
 Inner Flame              Hex/Fire       6%         N/A       32%         3
 Flame Wave               Conj/Fire      8%         2d5       63%         4


Dungeon Overview and Level Annotations

Branches:
Dungeon (3/15)

Altars:


Innate Abilities, Weirdness & Mutations

Your plain brown scales are hard. (AC +4)
You cannot fit into any form of body armour.
You are cold-blooded and may be slowed by cold attacks.


Message History

An orc comes into view. It is wielding a +0 trident.
The orc shouts!
You see here a ruby potion.
c - 2 ruby potions (gained 1)
An orc comes into view. It is wielding a +0 hand axe.
The orc hits you from afar with a +0 trident.
The orc hits you but does no damage.
The orc shouts! x2
Casting: Scorch (safe; 9% risk of failure)
Press: ? - help, Q - select action, (/) - cycle Dir - look around, f - activate Flames lash the orc.
The orc is severely wounded.
The orc's fire resistance burns away.
Unknown command.
Casting: Scorch (safe; 9% risk of failure)
Press: ? - help, Q - select action, (/) - cycle Dir - look around, f - activate Flames lash the orc.
The orc is burned terribly!
You kill the orc!
Unknown command.
The orc attacks as you move away! The orc closely misses you.
Casting: Scorch (safe; 8% risk of failure)
Confirm with . or Enter, or press ? or * to list all spells.
You conjure some foxfire!
The orc hits you with a +0 whip.
The orc hits you from afar with a +0 trident.
The foxfire hits the orc but does no damage. x2
The orc attacks as you move away! The orc barely misses you.
As you read the scroll labelled NELAOKKACE, it crumbles to dust.
Magic quickly surges around you.
It was a scroll of vulnerability.
The orc barely misses you.
The orc hits you from afar with a +0 trident.
Casting: Foxfire (safe; 9% risk of failure)
Confirm with . or Enter, or press ? or * to list all spells.
You conjure some foxfire!
The orc hits you from afar with a +0 trident.
* * * LOW HITPOINT WARNING * * *
The foxfire hits the orc but does no damage. x2
The orc closely misses you. The orc attacks as you move away!
The orc closely misses you. The orc attacks as you move away!
The orc hits you with a +0 whip.
You die...

## ##### ## #. ...#
#. #. ##.#### #. #.
.....########.
##.####.##.##...)...
#..@oo..##.....####.
#..###.......#.# #.
#..# ##.#......# #o
#..####.##...### ##
#.......##..## ..#
#...........# ...
#..########.# #.#
#.#.# #+# #.# ##.##


You could see 2 orcs.

Vanquished Creatures
  An adder (D:3)
  An orc (D:3)
  A bat (D:1)
  An endoplasm (D:1)
  A giant cockroach (D:2)
  5 hobgoblins
10 creatures vanquished.

Vanquished Creatures (others)
  19 foxfires
19 creatures vanquished.

Grand Total: 29 creatures vanquished

Notes
Turn   | Place    | Note
-------+----------+-------------------------------------------
     0 | D:1      | HORACE the Draconian Fire Elementalist began the quest for
                  | the Orb.
     0 | D:1      | Reached XP level 1. HP: 14/14 MP: 3/3
   324 | D:1      | Reached XP level 2. HP: 20/20 MP: 1/5
   327 | D:1      | Learned a level 2 spell: Scorch
   540 | D:3      | HP: 1/20 [orc/+0 trident (6)]
   545 | D:3      | Slain by an orc

Illustrated notes

Levels and vault maps discovered:
D:1:      wander_arrival_fairy_ring, layout_basic,
          shapermc_ecumenical_altar_mp_urbaneastern
D:2:      layout_basic, basic_altar, minmay_misc_feat_x
D:3:      layout_loops_corners, minmay_misc_feat_hallway, st_stairs_11

Skill      XL: |  1  2 |
---------------+-------+-----
Stealth        | 2 |  2.3
Dodging        | |  1.8
Spellcasting   | |  2.0
Conjurations   | |  1.2
Fire Magic     | |  3.4

Action                   || total
-------------------------++-------
 Cast: Foxfire           ||    10
       Scorch            ||     6
  Use: Scroll            ||     1
       Potion            ||     1
Armor: Skin              ||     5
Dodge: Dodged            ||    20
